 Dungeon Crawl Stone Soup version 0.25.1-2-g60ff931df9 (webtiles) character file.

Game seed: 4099412334878599959

6594 soggyman666 the Reanimator (level 10, 0/80 HPs)
             Began as a Deep Dwarf Necromancer on Nov 2, 2020.
             Was an Elder of Makhleb.
             Slain by an earth elemental (23 damage)
             ... summoned by a deep elf mage
             ... on level 13 of the Dungeon.
             The game lasted 01:40:12 (11339 turns).

soggyman666 the Reanimator (DDNe)                  Turns: 11339, Time: 01:40:12

Health: 0/80       AC:  9    Str: 12    XL:     10   Next: 71%
Magic:  18/21      EV: 14    Int: 17    God:    Makhleb [****..]
Gold:   541        SH:  0    Dex: 15    Spells: 20/25 levels left

rFire    . . .     SeeInvis .   v - +4 hand axe (distort)
rCold    . . .     Gourm    .   (no shield)
rNeg     + . .     Faith    .   y - +0 leather armour
rPois    .         Spirit   .   g - +2 helmet
rElec    .         Reflect  .   i - +0 cloak
rCorr    .         Harm     .   (no gloves)
MR       +....                  r - +1 pair of boots
Stlth    ++........             (no amulet)
HPRegen  0.00/turn              q - ring of wizardry
MPRegen  0.17/turn              n - ring of positive energy

@: about to teleport, non-regenerating
A: damage resistance, heal wounds, sense surroundings 2, no regeneration
a: Heal Wounds, Minor Destruction, Lesser Servant of Makhleb, Major Destruction,
Renounce Religion


You were on level 13 of the Dungeon.
You worshipped Makhleb.
Makhleb was greatly pleased with you.
You were not hungry.

You visited 2 branches of the dungeon, and saw 13 of its levels.

You collected 758 gold pieces.
You spent 217 gold pieces at shops.

Inventory:

Hand Weapons
 v - a +4 hand axe of distortion (weapon)
Armour
 a - the +3 hat of Pondering {ponderous, MR+ MP+10 Int+5}
   (You took it off Gastronok on level 8 of the Dungeon)

   It affects your intelligence (+5).
   It affects your resistance to hostile enchantments.
   It affects your magic capacity (+10).
 g - a +2 helmet (worn)
 i - a +0 cloak (worn)
 r - a +1 pair of boots (worn)
 y - a +0 leather armour (worn)
Jewellery
 l - an uncursed ring of protection from cold
 n - a ring of positive energy (right hand)
 q - a ring of wizardry (left hand)
 s - an uncursed ring of ice
Wands
 j - a wand of flame (22)
 u - a wand of acid (1)
Scrolls
 b - 8 scrolls of remove curse
 f - a scroll of teleportation
 m - 2 scrolls of amnesia
 x - a scroll of enchant armour
Potions
 e - 3 potions of curing
 h - a potion of invisibility
 k - 2 potions of resistance
 o - 2 potions of haste
 p - a potion of berserk rage
Comestibles
 c - 25 rations
 d - 9 chunks of flesh


   Skills:
 + Level 2.1 Fighting
 + Level 5.5 Axes
 + Level 2.8 Armour
 + Level 4.2 Dodging
 + Level 3.8 Stealth
 + Level 8.3 Spellcasting
 + Level 12.1 Necromancy
 + Level 2.5 Evocations


You had 20 spell levels left.
You knew the following spells:

 Your Spells              Type           Power        Failure   Level  Hunger
a - Pain                  Necr           ####         1%          1    None
b - Vampiric Draining     Necr           #####.....   1%          3    #......
c - Animate Skeleton      Necr           N/A          1%          1    None

Your spell library contained the following spells:

 Spells                   Type           Power        Failure   Level  Hunger
 Animate Dead             Necr           N/A          1%          4    ###....
 Agony                    Necr           #####...     1%          5    #####..
 Apportation              Tloc           #.....       5%          1    None
 Corona                   Hex            #......      5%          1    None
 Summon Small Mammal      Summ           #...         5%          1    None


Dungeon Overview and Level Annotations

Branches:
Dungeon (11/15)            Temple (1/1) D:4            Lair (0/6) D:9
    Orc (0/2) D:9

Altars:
Dithmenos
Elyvilon
Fedhas
Gozag
Kikubaaqudgha
Makhleb
Uskayaw
Wu Jian
Xom
Zin
The Shining One

Shops:
D:5 [   D:9 [(

Annotations:
D:3 Grinder
Abyss:1 Pikel


Innate Abilities, Weirdness & Mutations

You are resistant to damage.
You can heal yourself by infusing magical energy.
You passively map the area around you.
You do not regenerate.


Message History

A white ugly thing comes into view.
The deep elf mage mumbles some strange words.
The deep elf mage blinks!
The orc wizard shouts!
You completely miss the orc wizard. You barely miss the earth elemental.
You barely miss the orc. The earth elemental hits you!!
The orc hits you with a +0 hand axe.
The orc wizard mumbles some strange words.
The orc wizard blinks!
The orc wizard barely misses you.
You hit the orc wizard.
The orc wizard is moderately wounded.
You completely miss the orc.
The orc wizard blinks!
You hit the earth elemental but do no damage.
Space bends around the earth elemental.
The orc hits you with a +0 hand axe. The earth elemental hits you!
* * * LOW HITPOINT WARNING * * *
As you read the scroll of teleportation, it crumbles to dust.
You feel strangely unstable. The earth elemental hits you!!
You die...

#.......
* .......
#.....# *
*
##...e.##
#....E..#
#....uo.#
#..o.o..#
#..E..#
##..@##
#####


You could see a white ugly thing, 2 earth elementals, a deep elf mage, 2 orc
wizards and an orc.

Vanquished Creatures
  A hippogriff (D:9)
  A wyvern (D:7)
  2 hogs (D:7)
  2 yaks (D:10)
  A human (D:7)
  A hungry ghost (D:10)
  A hornet zombie (D:8)
  4 slaves (D:6)
  2 orc warriors
  A necrophage (D:6)
  5 ogres
  A centaur (D:9)
  A crocodile (D:8)
  A big kobold (D:7)
  3 bullfrogs
  4 scorpions
  5 killer bees (D:7)
  2 howler monkeys
  A vampire bat (D:5)
  A crimson imp (D:9)
  A centaur zombie (D:5)
  3 hounds
  A centaur skeleton (D:6)
  2 gnoll shamans
  A jelly (D:9)
  6 orc priests
  5 orc wizards
  4 iguanas
  Natasha (twice) (D:2)
  5 worker ants
  5 adders
  15 gnolls
  2 shadow imps
  A white imp (D:5)
  2 adder zombies (D:5)
  A worm (D:2)
  3 dart slugs
  2 leopard geckos
  25 orcs
  3 ball pythons
  8 bats
  5 bat skeletons (D:5)
  A bat zombie (D:5)
  5 giant cockroaches
  7 goblins
  3 hobgoblins
  13 jackals
  15 kobolds
  4 quokkas
  4 frilled lizards
  3 goblin skeletons (D:5)
  A hobgoblin zombie (D:5)
  A kobold zombie (D:5)
  A leopard gecko skeleton (D:5)
  An orc skeleton (D:5)
  2 quokka skeletons
  A quokka zombie (D:5)
  7 rats
  A withered plant (D:5)
212 creatures vanquished.

Vanquished Creatures (collateral kills)
  Gastronok (D:8)
  A hog (D:7)
  An ogre (D:4)
  A bullfrog (D:10)
  A scorpion (D:5)
  A gnoll shaman (D:6)
  A hound (D:7)
  Jessica (D:2)
  2 gnolls
  A howler monkey skeleton (D:4)
  A shadow imp (D:5)
  An adder zombie (D:10)
  2 adder skeletons (D:5)
  3 orcs
  A ball python (D:7)
  A goblin (D:3)
  10 jackals
  A leopard gecko skeleton (D:4)
  2 rats (D:3)
33 creatures vanquished.

Vanquished Creatures (others)
  An elephant (D:9)
  A yak (D:10)
  A hog (D:7)
  A basilisk (D:9)
  An orc warrior (D:9)
  An ice beast (D:8)
  A sky beast (D:8)
  A hound (D:8)
  A bullfrog zombie (D:10)
  An orc wizard (D:10)
  A worker ant zombie (D:6)
  A gnoll (D:6)
12 creatures vanquished.

Grand Total: 257 creatures vanquished

Notes
Turn   | Place    | Note
-------+----------+-------------------------------------------
     0 | D:1      | soggyman666 the Deep Dwarf Necromancer began the quest for
                  | the Orb.
     0 | D:1      | Reached XP level 1. HP: 15/15 MP: 3/3
   157 | D:1      | Reached XP level 2. HP: 22/22 MP: 0/4
   323 | D:1      | Reached skill level 5 in Necromancy
   824 | D:2      | Reached XP level 3. HP: 10/28 MP: 1/6
   860 | D:2      | Noticed Natasha
  1193 | D:2      | Killed Natasha
  1193 | D:2      | Reached XP level 4. HP: 25/36 MP: 1/7
  1203 | D:2      | Learned a level 3 spell: Vampiric Draining
  1466 | D:2      | Found an opulent altar of Gozag.
  1531 | D:2      | Learned a level 1 spell: Animate Skeleton
  1535 | D:2      | Noticed Jessica
  1546 | D:2      | Killed Jessica
  1769 | D:2      | Noticed Natasha
  1786 | D:2      | Killed Natasha
  1786 | D:2      | Reached skill level 6 in Necromancy
  1976 | D:2      | Reached XP level 5. HP: 29/42 MP: 4/9
  2236 | D:3      | Found a blossoming altar of Fedhas.
  3610 | D:4      | Noticed Grinder
  3900 | D:4      | Noticed an ogre
  3909 | D:4      | Killed an ogre
  3909 | D:4      | Reached skill level 7 in Necromancy
  3909 | D:4      | Reached XP level 6. HP: 12/49 MP: 7/11
  4180 | D:4      | Found a staircase to the Ecumenical Temple.
  4195 | Temple   | Entered the Ecumenical Temple
  4206 | Temple   | Became a worshipper of Makhleb the Destroyer
  4269 | D:4      | Reached skill level 1 in Axes
  4269 | D:4      | Reached XP level 7. HP: 39/55 MP: 2/13
  4402 | D:4      | Found a hide-covered altar of Uskayaw.
  4611 | D:5      | Entered Level 5 of the Dungeon
  4616 | D:5      | Found a white marble altar of Elyvilon.
  4616 | D:5      | Found a glowing silver altar of Zin.
  4617 | D:5      | Found a shadowy altar of Dithmenos.
  4759 | D:5      | Found Maatigej's Antique Armour Boutique.
  4762 | D:5      | Bought a pair of embroidered boots for 217 gold pieces
  4851 | D:5      | HP: 2/56 [gnoll/+0 spear (8)]
  5109 | D:5      | Reached * piety under Makhleb
  5121 | D:5      | Found an ancient bone altar of Kikubaaqudgha.
  5398 | D:5      | Found a glowing golden altar of the Shining One.
  5478 | D:5      | Reached skill level 8 in Necromancy
  6049 | D:6      | Reached XP level 8. HP: 63/63 MP: 8/15
  6050 | D:6      | Reached ** piety under Makhleb
  6415 | D:6      | Reached skill level 5 in Spellcasting
  6780 | D:6      | Noticed Pikel
  6817 | D:6      | Banished Pikel
  6817 | D:6      | Reached skill level 1 in Fighting
  6817 | D:6      | Reached skill level 9 in Necromancy
  6828 | D:6      | Found a shadowy altar of Dithmenos.
  7356 | D:7      | Gained mutation: You passively map the area around you.
                  | [Deep Dwarf growth]
  7356 | D:7      | Reached XP level 9. HP: 70/70 MP: 10/18
  7410 | D:7      | Reached skill level 1 in Armour
  8262 | D:7      | Reached *** piety under Makhleb
  8262 | D:7      | Reached skill level 10 in Necromancy
  8447 | D:7      | Reached skill level 5 in Axes
  8629 | D:8      | Noticed Gastronok
  9067 | D:8      | Killed Gastronok
  9067 | D:8      | Reached skill level 11 in Necromancy
  9067 | D:8      | Reached XP level 10. HP: 76/80 MP: 19/21
  9651 | D:9      | Found Muityv's Weapon Shop.
  9651 | D:9      | Found a staircase to the Orcish Mines.
  9658 | D:9      | Found Poqibigu's Armour Shop.
 10031 | D:9      | Found a staircase to the Lair.
 10659 | D:9      | Noticed an elephant
 10667 | D:9      | Banished an elephant
 10924 | D:10     | Entered Level 10 of the Dungeon
 11079 | D:10     | Reached skill level 12 in Necromancy
 11119 | D:11     | Noticed a manticore
 11124 | D:11     | Noticed a two-headed ogre
 11233 | D:10     | Reached **** piety under Makhleb
 11327 | D:10     | You fall into a shaft and drop 3 floors!
 11327 | D:13     | Noticed a deep elf mage
 11335 | D:13     | Noticed a white ugly thing
 11339 | D:13     | Slain by an earth elemental

Illustrated notes

Levels and vault maps discovered:
D:1:      grunt_arrival_crossed_arrows, layout_rooms,
          chequers_serial_rivers_room_a, minmay_hexomino_p4
D:2:      layout_loops_ring, grunt_gozag_breadcrumbs, uniq_natasha, uniq_jessica
D:3:      cheibrodos_old_hovel, layout_basic, first_ration,
          fedhas_ov_isle_minmay
D:4:      layout_basic, eat_drink_and_be_merry_uskayaw,
          minmay_temple_entry_sparse_star, uniq_grinder
D:5:      layout_rooms, nicolae_tso_besieged_by_evil, kennysheep_vampire_church,
          chequers_temple_overflow_statue_of_worship, serial_undead,
          serial_undead_a, serial_undead_b, serial_undead_d, serial_undead_c,
          serial_shops, nicolae_shop_behind_doors
D:6:      layout_basic, nicolae_dithmenos_the_darkroom, uniq_pikel
D:7:      layout_gridville, grunt_livestock
D:8:      layout_gridville, dk_noncrumbling_3, uniq_gastronok
D:9:      layout_grid_maze, david_lair_generic, orc_david_3
D:10:     layout_roguey, serial_shops, shop
D:11:     layout_rooms, uniq_fannar, uniq_josephine
D:13:     layout_rooms, basic_altar, minmay_rotating_lava
Temple:   eino_temple_scatter_basement

Skill      XL: |  1  2  3  4  5  6  7  8  9 10 |
---------------+-------------------------------+-----
Spellcasting   | 2 3 4 6 7 8 |  8.3
Necromancy     | 5 6 7 8 9 11 12 | 12.1
Axes           | 1 2 4 5 |  5.5
Stealth        | 3 |  3.8
Dodging        | 3 4 |  4.2
Fighting       | 1 2 |  2.1
Armour         | 2 |  2.8
Evocations     | 2 |  2.5

Action                   |  1- 3 |  4- 6 |  7- 9 | 10-12 || total
-------------------------+-------+-------+-------+-------++-------
Melee: Unarmed           |    18 |    14 |       |       ||    32
       Hand axe          |       |    19 |   222 |    70 ||   311
 Cast: Pain              |    54 |    66 |    97 |    68 ||   285
       Vampiric Draining |       |    31 |    50 |    32 ||   113
       Animate Skeleton  |       |    17 |    40 |    13 ||    70
 Abil: Heal Wounds       |       |       |     1 |     1 ||     2
Evoke: Wand              |       |       |    17 |     2 ||    19
  Use: Scroll            |     7 |     6 |    14 |     3 ||    30
       Potion            |     1 |     1 |     1 |       ||     3
 Stab: Distracted        |       |     1 |       |       ||     1
       Sleeping          |       |       |     1 |     1 ||     2
  Eat: Chunk             |     2 |    12 |    18 |     5 ||    37
       Ration            |       |       |       |     1 ||     1
Armor: Robe              |     5 |    31 |    84 |       ||   120
       Leather armour    |       |       |    40 |    21 ||    61
Dodge: Dodged            |    25 |    71 |   252 |    72 ||   420
